 Dungeon Crawl Stone Soup version 0.31-a0-1568-g8e2b85f (webtiles) character file.

Game seed: 16553984524274823022

7348 Dorkslayer the Cleaver (level 11, -11/111 HPs)
             Began as an Oni Fighter on Jan 2, 2024.
             Was an Initiate of Gozag.
             Mangled by a stone giant (22 damage)
             ... on level 10 of the Dungeon on Jan 3, 2024.
             The game lasted 00:23:32 (8449 turns).

Dorkslayer the Cleaver (Oni Fighter)                Turns: 8449, Time: 00:23:32

Health: -11/111    AC:  7    Str: 29    XL:     11   Next: 13%
Magic:  11/11      EV: 16    Int:  8    God:    Gozag
Gold:   1021       SH:  9    Dex: 11    Spells: 10/10 levels left

rFire   . . .        o - +1 war axe (distort)
rCold   + . .        c - +0 kite shield
rNeg    . . .        i - +0 robe "Palyerph" {rC+ Str+3}
rPois   .            (helmet restricted)
rElec   .            (no cloak)
rCorr   .            (gloves unavailable)
SInv    +            (boots unavailable)
Will    +....        (no amulet)
Stlth   ++           h - +4 ring of slaying
HPRegen 0.38/turn    m - +5 ring of evasion
MPRegen 0.12/turn

%: no passive effects
@: no status effects
A: large, unfitting armour, horns 1, tough skin 1, double potion healing,
drunken brawling, iridescent scales 2, see invisible, strong 1
a: Renounce Religion, Potion Petition, Call Merchant, Bribe Branch


You were on level 10 of the Dungeon.
You worshipped Gozag.
Gozag was most pleased with you.
You visited 2 branches of the dungeon, and saw 11 of its levels.

You collected 1921 gold pieces.
You spent 876 gold pieces at shops.
You paid 24 gold pieces to Gozag.

Inventory:

Hand Weapons
 o - a +1 war axe of distortion (weapon)
 w - a +0 broad axe
 x - a +3 war axe
 F - a +6 double sword of holy wrath
Missiles
 B - a curare-tipped dart (quivered)
 G - 4 javelins
 H - 3 boomerangs
Armour
 c - a +0 kite shield (worn)
 i - the +0 robe "Palyerph" (worn) {rC+ Str+3}
   (You found it on level 2 of the Dungeon)

   Str+3:     It affects your strength (+3).
   rC+:       It protects you from cold.
Jewellery
 h - a +4 ring of slaying (left hand)
 m - a +5 ring of evasion (right hand)
Wands
 a - a wand of roots (8)
 j - a wand of mindburst (30)
 l - a wand of acid (12)
 D - a wand of charming (5)
 E - a wand of polymorph (19)
Scrolls
 b - 3 scrolls of teleportation
 k - 3 scrolls of revelation
 q - 2 scrolls of poison
 r - a scroll of blinking
 v - 6 scrolls of identify
 y - 2 scrolls of fog
 C - a scroll of fear
Potions
 d - a potion of lignification
 e - 6 potions of curing
 f - 4 potions of brilliance
 g - 2 potions of resistance
 n - 2 potions of invisibility
 p - 2 potions of attraction
 s - 3 potions of mutation
 t - 2 potions of heal wounds
 u - 2 potions of haste
 z - a potion of berserk rage
 A - 3 potions of enlightenment
 I - a potion of might


   Skills:
 + Level 8.0 Fighting
 + Level 9.4 Axes
 * Level 6.0 Armour
 * Level 7.4 Dodging
 + Level 2.0 Stealth
 + Level 5.2 Shields
 * Level 5.0 Evocations


You had 10 spell levels left.
You didn't know any spells.
Your spell library contained the following spells:

 Spells                   Type           Power      Damage    Failure   Level
 Apportation              Tloc           0%         N/A       61%         1
 Necrotise                Necr           0%         1d4       61%         1
 Sting                    Conj/Alch      0%         1d3       61%         1
 Summon Small Mammal      Summ           0%         N/A       61%         1
 Ensorcelled Hibernation  Hex/Ice        0%         N/A       75%         2
 Call Canine Familiar     Summ           0%         N/A       93%         3
 Dazzling Flash           Conj/Hex       0%         N/A       93%         3
 Fugue of the Fallen      Necr           0%         N/A       93%         3
 Inner Flame              Hex/Fire       0%         N/A       93%         3
 Sigil of Binding         Hex            0%         N/A       93%         3
 Volatile Blastmotes      Fire/Tloc      0%         2d10      93%         3
 Anguish                  Hex/Necr       0%         N/A       100%        4
 Dimensional Bullseye     Hex/Tloc       0%         N/A       100%        4
 Flame Wave               Conj/Fire      0%         2d4       100%        4
 Sticky Flame             Fire/Alch      0%         2d4       100%        4
 Starburst                Conj/Fire      0%         6d3       100%        6
 Maxwell's Capacitive Co  Air            0%         ∞         100%        8


Dungeon Overview and Level Annotations

Branches:
Dungeon (10/15)            Temple (0/1) D:5             Orc (1/2) D:10
   Lair: D:8-11

Altars:
Fedhas
Gozag
Nemelex Xobeh
Qazlal
Zin

Shops:
D:8 (!(


Innate Abilities, Weirdness & Mutations

You are too large for most types of armour.
You have a pair of small horns on your head.
You have tough skin. (AC +1)
You gain doubled healing and magic from potions.
Whenever you drink a healing potion, you attack all around you.
You are mostly covered in iridescent scales. (AC +4)
You have supernaturally acute eyesight. (SInv)
Your muscles are strong. (Str +4, Int/Dex -1)


Message History

You now have 1007 gold pieces (gained 14).
Found a granite statue.
You open the door.
A troll comes into view.
Found a potion of might, a book of the Hunter and a potion of enlightenment.
The troll shouts!
There is an open door here.
The troll bites you. You block the troll's attack. The troll claws you.
You closely miss the troll. The troll misses you. The troll barely misses you.
The troll misses you. x2; The troll claws you! x2
You closely miss the troll. Your headbutt misses the troll.
The troll completely misses you. The troll claws you.
You block the troll's attack.
You barely miss the troll. You headbutt the troll!
The troll is moderately wounded.
The troll misses you. x2; The troll claws you but does no damage.
You hit the troll.
Space warps around the troll.
The troll is moderately wounded.
You block the troll's attack. The troll claws you.
The troll claws you but does no damage.
You hit the troll.
Space warps horribly around the troll!!
You kill the troll!
You now have 1021 gold pieces (gained 14).
I - a potion of might
A - 3 potions of enlightenment (gained 1)
You pick up a book of the Hunter and begin reading...
You add the spells Sigil of Binding, Call Canine Familiar and Dimensional Bullseye to your library.
There is an open door here.
You open the door.
A stone giant comes into view.
There is an open door here.
The stone giant shouts!
The stone giant throws a large rock.
The large rock hits you!!! The stone giant hits you!!!
* * * LOW HITPOINT WARNING * * *
You slash the stone giant!
Space warps around the stone giant.
The stone giant is lightly wounded.
The stone giant hits you!!
You die...
Your body crumbles into a pile of gold.

##### ##...## #.....#
#..C..# #..@..# ##...##
########'###
##...##.....#
#.....#.....#
#.....'..8..+ ####
#.....#.....#
...######...##.....#
.....#.#######....^####


You could see a stone giant.

Vanquished Creatures
  Urug (D:10)
  An orc knight (D:10)
  A troll (D:10)
  Grinder (D:5)
  A wraith (D:8)
  A wyvern (D:10)
  6 yaks (D:7)
  A warg (Orc:1)
  Edmund (D:4)
  2 acid dragons (D:9)
  2 water moccasins
  2 orc warriors
  Duvessa (D:5)
  2 black bears
  3 sky beasts
  3 ogres
  6 centaurs
  2 kobold brigands
  2 phantoms (D:5)
  4 bullfrogs
  4 scorpions
  8 wights
  Dowan (D:5)
  A vampire bat (D:3)
  A bombardier beetle (D:7)
  3 hounds
  5 orc priests
  2 sleepcaps (D:6)
  Ijyb (D:5)
  3 gnoll boudas
  An iguana (D:5)
  10 orc wizards
  8 gnolls
  11 adders
  A white imp (D:7)
  3 dart slugs
  3 fire bats (D:3)
  2 ribbon worms
  47 orcs
  2 spectral bats (D:3)
  9 ball pythons
  3 bat skeletons (D:3)
  A bat zombie (D:3)
  6 endoplasms
  6 giant cockroaches
  5 goblins
  10 hobgoblins
  3 quokkas (D:3)
  14 bats
  A bat simulacrum (D:3)
  6 frilled lizards
  17 kobolds
  5 rats
246 creatures vanquished.

Vanquished Creatures (others)
  An orc priest (D:6)
1 creature vanquished.

Grand Total: 247 creatures vanquished

Notes
Turn   | Place    | Note
-------+----------+-------------------------------------------
     0 | D:1      | Dorkslayer the Oni Fighter began the quest for the Orb.
     0 | D:1      | Reached XP level 1. HP: 24/24 MP: 1/1
   143 | D:1      | Reached XP level 2. HP: 32/32 MP: 2/2
   474 | D:1      | Reached XP level 3. HP: 39/39 MP: 3/3
   516 | D:2      | Identified the +0 robe "Palyerph" {rC+ Str+3}
   527 | D:2      | Reached skill level 1 in Armour
   604 | D:2      | Found a faded altar of an unknown god.
   850 | D:2      | Reached XP level 4. HP: 49/49 MP: 4/4
  1431 | D:3      | Found an opulent altar of Gozag.
  1477 | D:3      | Became a worshipper of Gozag Ym Sagoz the Greedy
  1623 | D:3      | Noticed a scorpion
  1629 | D:3      | Killed a scorpion
  1630 | D:3      | Reached skill level 3 in Axes
  1630 | D:3      | Reached XP level 5. HP: 50/55 MP: 5/5
  1818 | D:3      | Reached XP level 6. HP: 56/63 MP: 6/6
  1824 | D:3      | Reached skill level 1 in Evocations
  2123 | D:3      | Found a sparkling altar of Nemelex Xobeh.
  2353 | D:4      | Gained mutation: You are partially covered in iridescent
                  | scales. (AC +2) [potion of mutation]
  2353 | D:4      | Gained mutation: Your muscles are strong. (Str +4, Int/Dex
                  | -1) [potion of mutation]
  2353 | D:4      | Gained mutation: You have hidden genetic potential. [potion
                  | of mutation]
  2361 | D:4      | Reached skill level 5 in Fighting
  2530 | D:4      | Identified the +9 dagger "Undertaker" {holy, +Blink rF+
                  | Str-4 Stlth+}
  2543 | D:4      | Reached skill level 4 in Axes
  2837 | D:4      | Noticed Edmund
  2861 | D:4      | Killed Edmund
  2862 | D:4      | Reached XP level 7. HP: 31/72 MP: 7/7
  2871 | D:4      | Gained mutation: You have supernaturally acute eyesight.
                  | (SInv) [hidden potential]
  3443 | D:5      | Entered Level 5 of the Dungeon
  3443 | D:5      | Noticed Duvessa
  3444 | D:5      | Noticed Dowan
  3447 | D:5      | Found a staircase to the Ecumenical Temple.
  3450 | D:5      | Noticed Ijyb
  3457 | D:5      | Killed Ijyb
  3466 | D:5      | Found a stormy altar of Qazlal.
  3517 | D:5      | Reached skill level 5 in Axes
  3517 | D:5      | Reached XP level 8. HP: 36/81 MP: 8/8
  3673 | D:5      | Upgraded the game from 0.31-a0-1549-g5ff9445 to
                  | 0.31-a0-1567-g7e4722a
  3677 | D:5      | Killed Duvessa
  3678 | D:5      | Reached skill level 1 in Stealth
  3678 | D:5      | Killed Dowan
  3688 | D:5      | Gained mutation: You are mostly covered in iridescent
                  | scales. (AC +4) [hidden potential]
  3688 | D:5      | Lost mutation: You have hidden genetic potential. [hidden
                  | potential expressed]
  3835 | D:5      | Noticed Grinder
  3848 | D:5      | Killed Grinder
  3849 | D:5      | Reached skill level 5 in Dodging
  3988 | D:5      | Reached skill level 6 in Axes
  4263 | D:6      | Reached XP level 9. HP: 45/89 MP: 9/9
  4803 | D:6      | Upgraded the game from 0.31-a0-1567-g7e4722a to
                  | 0.31-a0-1568-g8e2b85f
  5159 | D:7      | Reached skill level 7 in Axes
  5472 | D:7      | Reached XP level 10. HP: 90/100 MP: 10/10
  5475 | D:7      | Found a blossoming altar of Fedhas.
  5505 | D:7      | Found a glowing silver altar of Zin.
  5561 | D:7      | Reached skill level 8 in Axes
  5736 | D:7      | Reached skill level 5 in Armour
  6327 | D:8      | Found Siziann's Antique Weapon Boutique.
  6332 | D:8      | Bought a broad axe for 116 gold pieces
  6332 | D:8      | Bought a glowing war axe for 188 gold pieces
  6364 | D:8      | Found Roleu's Distillery.
  6369 | D:8      | Bought a potion of curing for 39 gold pieces
  6369 | D:8      | Bought a potion of heal wounds for 65 gold pieces
  6369 | D:8      | Bought a potion of curing for 39 gold pieces
  6369 | D:8      | Bought a potion of haste for 130 gold pieces
  6369 | D:8      | Bought a potion of berserk rage for 65 gold pieces
  6369 | D:8      | Bought a potion of enlightenment for 65 gold pieces
  6369 | D:8      | Bought a potion of invisibility for 104 gold pieces
  6369 | D:8      | Bought a potion of enlightenment for 65 gold pieces
  6408 | D:8      | Found Hiapid's Antique Weapon Shop.
  8050 | D:10     | Entered Level 10 of the Dungeon
  8054 | D:10     | Reached skill level 5 in Shields
  8108 | D:10     | Found a staircase to the Orcish Mines.
  8126 | Orc:1    | Entered Level 1 of the Orcish Mines
  8126 | Orc:1    | Noticed Urug
  8126 | Orc:1    | Noticed an orc knight
  8142 | D:10     | Killed an orc knight
  8143 | D:10     | Reached skill level 9 in Axes
  8192 | Orc:1    | Reached XP level 11. HP: 94/111 MP: 11/11
  8200 | D:10     | Killed Urug
  8201 | D:10     | Reached skill level 5 in Evocations
  8445 | D:10     | Noticed a stone giant
  8449 | D:10     | Mangled by a stone giant

Illustrated notes

Levels and vault maps discovered:
D:1:      sevenhm_arrival_forest_fort_small_5, layout_rooms
D:2:      layout_basic, dreamdust_ecumenical_altar_hidden_monk_grotto,
          minmay_statues_item
D:3:      layout_rooms, nemelex_spade_bored_becter,
          nicolae_gozag_cash_rules_everything_around_me, goddamned_bats
D:4:      layout_loops_ring, uniq_edmund
D:5:      layout_cave_pools, nicolae_overflow_hidden_temple,
          minmay_temple_entry_trees, serial_bayou_pond_c, eino_tiny_chamber,
          uniq_grinder, uniq_duvessa, uniq_ijyb
D:6:      layout_basic
D:7:      layout_loops_corners, jmf_multi_god_temple2
D:8:      layout_rooms, serial_shops, kennysheep_little_box, shop, shop
D:9:      layout_grid_maze, nicolae_letterblocks [nicolae_letter_subblock,
          nicolae_letter_subblock, nicolae_letter_subblock,
          nicolae_letter_subblock, nicolae_letter_subblock,
          nicolae_letter_subblock, nicolae_letter_subblock,
          nicolae_letter_subblock, nicolae_letter_subblock,
          nicolae_letter_subblock, nicolae_letter_subblock,
          nicolae_letter_subblock, nicolae_letter_subblock,
          nicolae_letter_subblock, nicolae_letter_subblock,
          nicolae_letter_subblock, nicolae_letter_subblock,
          nicolae_letter_subblock, nicolae_letter_subblock,
          nicolae_letter_subblock, nicolae_letter_subblock,
          nicolae_letter_subblock, nicolae_letter_subblock,
          nicolae_letter_subblock, nicolae_letter_subblock]
D:10:     minmay_klotski, layout_rooms, led_sif_book, david_lair_generic,
          gammafunk_ghost_wrathful_warriors, minmay_three_doors
Orc:1:    layout_caves, serial_shops, shop, nicolae_shop_mannequins,
          basic_altar, uniq_urug

Skill      XL: |  1  2  3  4  5  6  7  8  9 10 11 |
---------------+----------------------------------+-----
Dodging        | 3 4 5 6 7 |  7.4
Armour         | 1 2 3 4 5 6 |  6.0
Shields        | 3 4 5 |  5.2
Axes           | 3 4 5 6 7 9 |  9.4
Evocations     | 1 2 3 4 5 |  5.0
Fighting       | 5 6 8 |  8.0
Stealth        | 1 2 |  2.0

Action                     |  1- 3 |  4- 6 |  7- 9 | 10-12 || total
---------------------------+-------+-------+-------+-------++-------
  Melee: War axe           |    76 |   189 |   148 |   152 ||   565
         Headbutt          |     6 |    24 |    23 |    29 ||    82
  Throw: Dart              |       |       |       |     1 ||     1
  Evoke: Wand              |       |       |     5 |       ||     5
    Use: Scroll            |     1 |     4 |     7 |     2 ||    14
         Potion            |       |     3 |     1 |       ||     4
   Stab: Sleeping          |       |     1 |       |     1 ||     2
         Distracted        |       |     1 |       |       ||     1
 Armour: Robe              |    52 |   162 |    77 |    81 ||   372
  Dodge: Dodged            |    34 |   103 |    73 |   105 ||   315
  Block: Kite shield       |    24 |   114 |    63 |    61 ||   262

Table legend: (Time is in decaauts)
 A = Elapsed time spent in this place.
 B = Non-inter-level travel time spent in this place.
 C = Inter-level travel time spent in this place.
 D = Time resting spent in this place.
 E = Time spent auto-exploring this place.
 F = Levels seen in this place.
 G = Mean time per level.
                   A        B        C        D        E       F      G
               +--------+--------+--------+--------+--------+-----+--------+
         Total |   8644 |   8644 |      0 |    247 |   4528 |  11 |  785.8 |
       Dungeon |   8639 |   8639 |      0 |    247 |   4528 |  10 |  863.9 |
  Orcish Mines |      5 |      5 |      0 |      0 |      0 |   1 |    5.0 |
               +--------+--------+--------+--------+--------+-----+--------+

Top non-repeatable levels by time:
     D:9: 1261 daAuts
     D:7: 1205 daAuts
     D:4: 1189 daAuts
     D:2: 969 daAuts
     D:6: 904 daAuts
     D:3: 903 daAuts
     D:5: 823 daAuts
     D:1: 508 daAuts
     D:8: 494 daAuts
    D:10: 378 daAuts
   Orc:1: 5 daAuts
